 Dungeon Crawl Stone Soup version 0.31.0-11-ge490571c62 (webtiles) character file.

Game seed: 13062409113896990782

37 ProzacElf the Ducker (level 3, 0/26 HPs)
             Began as a Minotaur Hedge Wizard on Jan 29, 2024.
             Slain by an adder (4 damage)
             ... on level 2 of the Dungeon.
             The game lasted 00:01:55 (1254 turns).

ProzacElf the Ducker (Minotaur Hedge Wizard)        Turns: 1254, Time: 00:01:56

Health: 0/26       AC:  2    Str: 16    XL:     3   Next: 21%
Magic:  5/5        EV: 12    Int: 11    God:
Gold:   55         SH:  0    Dex:  9    Spells: 1/6 levels left

rFire   . . .        a - +0 trident
rCold   . . .        (no shield)
rNeg    . . .        b - +0 robe
rPois   .            c - +0 hat
rElec   .            (no cloak)
rCorr   .            (no gloves)
SInv    .            (no boots)
Will    .....        (no amulet)
Stlth   ++           (no ring)
HPRegen 0.24/turn    (no ring)
MPRegen 0.09/turn

%: no passive effects
@: lethally poisoned (0 -> -7)
A: horns 2, retaliatory headbutt
a: no special abilities


You were on level 2 of the Dungeon.
You visited 1 branch of the dungeon, and saw 2 of its levels.

You collected 55 gold pieces.

Inventory:

Hand Weapons
 a - a +0 trident (weapon)
 e - a +0 dagger
Armour
 b - a +0 robe (worn)
 c - a +0 hat (worn)
Scrolls
 f - a scroll of poison {unknown}
 g - a scroll of blinking {unknown}
 i - a scroll of identify {unknown}
Potions
 d - a potion of magic
 h - a potion of degeneration {unknown}


   Skills:
 + Level 0.0 Polearms
 + Level 3.8 Dodging
 - Level 2.0 Stealth
 - Level 2.1 Spellcasting
 - Level 0.6 Conjurations
 - Level 0.6 Summonings
 - Level 0.6 Translocations


You had one spell level left.
You knew the following spells:

 Your Spells              Type           Power      Damage    Failure   Level
a - Magic Dart            Conj           8%         1d3       22%         1
b - Call Imp              Summ           4%         N/A       34%         2
o - Blink                 Tloc           4%         N/A       34%         2

Your spell library contained the following spells:

 Spells                   Type           Power      Damage    Failure   Level
 Shock                    Conj/Air       4%         1d3       26%         1
 Slow                     Hex            4%         N/A       28%         1
 Cigotuvi's Dreadful Rot  Necr/Alch/Air  2%         N/A       41%         2
 Mephitic Cloud           Conj/Alch/Air  1%         N/A       63%         3
 Swiftness                Air            1%         N/A       65%         3
 Airstrike                Air            0%         2d(1-17)  96%         4


Dungeon Overview and Level Annotations

Branches:
Dungeon (2/15)

Altars:

Annotations:
D:2 Jessica


Innate Abilities, Weirdness & Mutations

You have a pair of horns on your head.
You reflexively headbutt those who attack you in melee.


Message History

Ye barely miss tha adder.
Tha adder be heavily wounded.
Tha adder bites ye. x2
Jessica casts a spell.
Jessica blinks!
Ye take 6 damage, an' haf 17/26 hp.
MASSIVE DAMAGE!!
Ye barely miss tha adder.
Yer headbutt misses tha adder.
Tha adder be heavily wounded.
Tha adder bites ye. x2
Ye be poison'd.
Tha adder poisons ye!
Ye take 3 damage, an' haf 14/26 hp.
Ye barely miss tha adder.
Tha adder be heavily wounded.
Ye feel sick.
Tha adder bites ye.
Ye take 4 damage, an' haf 10/26 hp.
Ye be too injured ta fight recklessly!
Ye be too injured ta fight recklessly!
Ye be too injured ta fight recklessly!
Ye be too injured ta fight recklessly!
Ye be too injured ta fight recklessly!
Ye be too injured ta fight recklessly!
Ye be too injured ta fight recklessly!
Ye be too injured ta fight recklessly!
Ye be too injured ta fight recklessly!
Ye be too injured ta fight recklessly!
Ye be too injured ta fight recklessly!
Ye closely miss tha adder.
Yer headbutt misses tha adder.
Tha adder be heavily wounded.
Ye feel sick.
Tha adder misses ye.
Tha adder bites ye.
* * * LOW HITPOINT WARNIN'
* * * Ye be leth'lly poison'd!
Tha adder poisons ye!
Ye take 4 damage, an' haf 6/26 hp.
Ye hit tha adder but do nay damage.
Tha adder be heavily wounded.
* * * LOW HITPOINT WARNIN'
* * * Ye feel very sick.
Tha adder closely misses ye.
Tha adder bites ye.
Ye die...

.##.###...######
..........†....#
.##.###.######.#
#.###.# #...#
#.....####.###
######.....#
#.##### #.# #@#
#S# #b#
......@rr#
.@..[....#
.........#
...@.....#
.........#
..!......#


You could see an adder, Jessica (fast), a bat and 2 rats.

Vanquished Creatures
  4 endoplasms (D:1)
  2 giant cockroaches (D:1)
  A goblin (D:1)
  4 hobgoblins (D:1)
  3 kobolds (D:1)
  A quokka (D:1)
  4 ball pythons (D:1)
  12 frilled lizards (D:1)
  7 rats
38 creatures vanquished.

Vanquished Creatures (others)
  An armataur (D:1)
  A djinni (D:1)
  2 trolls (D:1)
  A formicid (D:1)
  A spriggan (D:1)
  2 onis (D:1)
  3 tengu (D:1)
  A felid (D:1)
  4 tentacles (D:1)
16 creatures vanquished.

Grand Total: 54 creatures vanquished

Notes
Turn   | Place    | Note
-------+----------+-------------------------------------------
     0 | D:1      | ProzacElf the Minotaur Hedge Wizard began the quest for the
                  | Orb.
     0 | D:1      | Reached XP level 1. HP: 14/14 MP: 2/2
     0 | D:1      | Noticed a troll
     0 | D:1      | Noticed a tengu
     0 | D:1      | Noticed an oni
     0 | D:1      | Noticed a formicid
     0 | D:1      | Noticed an oni
     0 | D:1      | Noticed a kraken
     0 | D:1      | Noticed a tengu
     0 | D:1      | Noticed a tengu
     0 | D:1      | Noticed a troll
     0 | D:1      | Noticed a djinni
     0 | D:1      | Noticed a felid
     0 | D:1      | Noticed an armataur
     0 | D:1      | Noticed a spriggan
     3 | D:1      | Killed a tengu
     4 | D:1      | Killed an oni
     5 | D:1      | Killed a tengu
     5 | D:1      | Killed a formicid
     6 | D:1      | Killed a troll
     7 | D:1      | Killed a tengu
     7 | D:1      | Killed an oni
     8 | D:1      | Killed a felid
     8 | D:1      | Killed a troll
     9 | D:1      | Killed a djinni
     9 | D:1      | Killed an armataur
    10 | D:1      | Killed a spriggan
   170 | D:1      | Reached XP level 2. HP: 20/20 MP: 4/4
   301 | D:1      | Reached skill level 3 in Dodging
   361 | D:1      | Learned a level 2 spell: Blink
   364 | D:1      | Learned a level 2 spell: Call Imp
   625 | D:1      | Reached XP level 3. HP: 15/26 MP: 5/5
  1240 | D:2      | Noticed Jessica
  1254 | D:2      | Slain by an adder

Illustrated notes

Levels and vault maps discovered:
D:1:      nicolae_arrival_kraken_aquarium_a, layout_basic, minmay_lizard_pond
D:2:      layout_basic, nrook_loot_triangle, uniq_jessica

Skill      XL: |  1  2 |
---------------+-------+-----
Stealth        | 2 |  2.0
Dodging        | 3 |  3.8
Spellcasting   | |  2.1
Conjurations   | |  0.6
Summonings     | |  0.6
Translocations | |  0.6

Action                     || total
---------------------------++-------
  Melee: Trident           ||   104
         Headbutt          ||     4
         Dagger            ||     1
         Punch             ||     2
   Cast: Magic Dart        ||     2
   Stab: Sleeping          ||     5
 Armour: Robe              ||    41
  Dodge: Dodged            ||    62

Action                     || total
---------------------------++-------
  Melee: Trident           ||   104
         Headbutt          ||     4
         Dagger            ||     1
         Punch             ||     2
   Cast: Magic Dart        ||     2
   Stab: Sleeping          ||     5
 Armour: Robe              ||    41
  Dodge: Dodged            ||    62

Levels and vault maps discovered:
D:1:      nicolae_arrival_kraken_aquarium_a, layout_basic, minmay_lizard_pond
D:2:      layout_basic, nrook_loot_triangle, uniq_jessica
